[Event "UZB-ch Men Final 2019"]
[Site "Tashkent"]
[Date "2019.07.14"]
[Round "13.1"]
[White "Abdusattorov, Nodirbek"]
[Black "Yakubboev, Nodirbek"]
[Result "1/2-1/2"]
[ECO "C65"]
[WhiteElo "2598"]
[BlackElo "2575"]
[Annotator "ChessBase"]
[PlyCount "82"]
[EventDate "2019.07.02"]
[EventType "tourn"]
[EventCountry "UZB"]
[SourceTitle "playchess.com"]
[Source "ChessBase"]
[SourceQuality "1"]
[TimeControl "5400+30"]

1. e4 e5 2. Nf3 Nc6 3. Bb5 Nf6 4. d3 d6 5. O-O Bd7 6. c4 g6 7. Nc3 Bg7 8. h3 O-O 9. Be3 Nh5 10. Rc1 Nf4 11. Bxc6 bxc6 12. d4 Ne6 13. d5 Nf4 14. dxc6 Bxc6 15. Bxf4 exf4 16. Qd2 Rb8 17. Rfe1 Re8 18. b3 Bxc3 19. Rxc3 Qf6 20. Qd4 Qxd4 21. Nxd4 Rxe4 22. Rxe4 Bxe4 23. Rc1 a6 24. f3 Bb7 25. c5 Kg7 26. cxd6 cxd6 27. Rc7 Kf6 28. Kf2 Ke5 29. Ne2 Bd5 30. Ke1 g5 31. Kd2 h5 32. Nc3 Be6 33. Rc6 g4 34. hxg4 hxg4 35. Rxa6 Rh8 36. Ra4 d5 37. Ne2 Rh2 38. Ke1 Rh1+ 39. Kd2 Rh2 40. Ke1 Rh1+ 41. Kd2 Rh2 1/2-1/2

[Event "UZB-ch Men Final 2019"]
[Site "Tashkent"]
[Date "2019.07.14"]
[Round "13.2"]
[White "Sabirov, Asilbek"]
[Black "Nigmatov, Ortik"]
[Result "0-1"]
[ECO "A16"]
[WhiteElo "2147"]
[BlackElo "2488"]
[Annotator "ChessBase"]
[PlyCount "55"]
[EventDate "2019.07.02"]
[EventType "tourn"]
[EventCountry "UZB"]
[SourceTitle "playchess.com"]
[Source "ChessBase"]
[SourceQuality "1"]
[TimeControl "5400+30"]

1. c4 Nf6 2. Nc3 g6 3. g3 Bg7 4. Bg2 O-O 5. Nf3 d6 6. O-O e5 7. d3 Nc6 8. Rb1 a5 9. a3 h6 10. b4 axb4 11. axb4 Be6 12. b5 Ne7 13. Bb2 Qd7 14. Re1 Bh3 15. Bh1 Ng4 16. Nd2 Rab8 17. Nd5 f5 18. Nxe7+ Qxe7 19. Bg2 Bxg2 20. Kxg2 f4 21. h3 Nxf2 22. Kxf2 fxg3+ 23. Kg2 Rf2+ 24. Kxg3 Rbf8 25. Nf3 R8xf3+ 26. exf3 Qh4+ 27. Kxh4 Rg2 28. Bc1 0-1

[Event "UZB-ch Men Final 2019"]
[Site "Tashkent"]
[Date "2019.07.14"]
[Round "13.3"]
[White "Dzhumaev, Marat"]
[Black "Khoroshev, Nikita"]
[Result "1/2-1/2"]
[ECO "C65"]
[WhiteElo "2439"]
[BlackElo "2414"]
[Annotator "ChessBase"]
[PlyCount "32"]
[EventDate "2019.07.02"]
[EventType "tourn"]
[EventCountry "UZB"]
[SourceTitle "playchess.com"]
[Source "ChessBase"]
[SourceQuality "1"]
[TimeControl "5400+30"]

1. e4 e5 2. Nf3 Nc6 3. Bb5 Nf6 4. Bxc6 dxc6 5. d3 Nd7 6. Nbd2 Bd6 7. Nc4 c5 8. O-O O-O 9. Bd2 Re8 10. a3 Nf8 11. h3 f6 12. b4 Ne6 13. c3 Bf8 14. Be3 b6 15. Qc2 a5 16. bxc5 Nxc5 1/2-1/2

[Event "UZB-ch Men Final 2019"]
[Site "Tashkent"]
[Date "2019.07.14"]
[Round "13.4"]
[White "Abdisalimov, Abdimalik"]
[Black "Sindarov, Javokhir"]
[Result "0-1"]
[ECO "D91"]
[WhiteElo "2391"]
[BlackElo "2479"]
[Annotator "ChessBase"]
[PlyCount "82"]
[EventDate "2019.07.02"]
[EventType "tourn"]
[EventCountry "UZB"]
[SourceTitle "playchess.com"]
[Source "ChessBase"]
[SourceQuality "1"]
[TimeControl "5400+30"]

1. d4 Nf6 2. c4 g6 3. Nc3 d5 4. Nf3 Bg7 5. Bg5 Ne4 6. cxd5 Nxg5 7. Nxg5 e6 8. Qd2 h6 9. Nh3 exd5 10. Qe3+ Kf8 11. Nf4 c6 12. O-O-O Nd7 13. Qd3 Nf6 14. f3 h5 15. e4 Bh6 16. g3 g5 17. Nfe2 g4+ 18. Nf4 h4 19. Kb1 b5 20. e5 b4 21. Na4 Bxf4 22. gxf4 Nh5 23. fxg4 Bxg4 24. Rc1 Nxf4 25. Qd2 Qg5 26. Qxb4+ Kg7 27. Ba6 Rh6 28. Rcf1 Rg6 29. Qd2 Bf5+ 30. Ka1 Be4 31. Rhg1 Qxg1 32. Qxf4 Rf8 33. Nc5 Qxd4 34. Nd7 Rg1 35. Qc1 Rxf1 36. Qxf1 Bg6 37. Nxf8 Kxf8 38. e6 Qe5 39. exf7 Qxh2 40. Qf6 Qh1+ 41. Bf1 Qe4 0-1

[Event "UZB-ch Men Final 2019"]
[Site "Tashkent"]
[Date "2019.07.14"]
[Round "13.5"]
[White "Rakhimov, Rakhmatjon"]
[Black "Iuldachev, Saidali"]
[Result "0-1"]
[ECO "A41"]
[WhiteElo "2107"]
[BlackElo "2451"]
[Annotator "ChessBase"]
[PlyCount "67"]
[EventDate "2019.07.02"]
[EventType "tourn"]
[EventCountry "UZB"]
[SourceTitle "playchess.com"]
[Source "ChessBase"]
[SourceQuality "1"]
[TimeControl "5400+30"]

1. d4 d6 2. c4 e5 3. Nf3 e4 4. Nfd2 f5 5. Nc3 Nf6 6. g3 h5 7. h4 c6 8. Bh3 d5 9. cxd5 e3 10. fxe3 Bd6 11. Kf2 cxd5 12. Kg2 Nc6 13. Qb3 Bc7 14. Rf1 g6 15. e4 dxe4 16. Ndxe4 Nxe4 17. Nxe4 Nxd4 18. Qc4 Be6 19. Qc5 b6 20. Qc3 Bd5 21. Bg5 Bxe4+ 22. Kf2 Qd7 23. Bf6 Nb5 24. Qb3 Rf8 25. Rfd1 Nd6 26. Be5 O-O-O 27. Rac1 Kb7 28. Rd4 Bb8 29. Rcd1 Qe7 30. Bf4 Bc6 31. Bg5 Ne4+ 32. Rxe4 fxe4+ 33. Kg2 e3+ 34. Kh2 0-1